 Dungeon Crawl Stone Soup version 0.29.1-4-g47bece8355 (webtiles) character file.

Game seed: 7220415197286164074

86 javelincjr the Conjurer (level 4, -6/24 HPs)
             Began as a Deep Elf Conjurer on Dec 5, 2022.
             Mangled by a gnoll
             ... wielding a +0 flail
              (7 damage)
             ... on level 2 of the Dungeon.
             The game lasted 00:08:13 (1071 turns).

javelincjr the Conjurer (Deep Elf Conjurer)         Turns: 1071, Time: 00:08:13

Health: -6/24      AC:  3    Str:  4    XL:     4   Next: 26%
Magic:  1/11       EV:  6    Int: 25    God:
Gold:   46         SH:  0    Dex: 13    Spells: 9/10 levels left

rFire   . . .      SeeInvis .   k - +0 spear (venom)
rCold   . . .      Faith    .   (no shield)
rNeg    . . .      Spirit   .   a - +0 robe
rPois   .          Reflect  .   (no helmet)
rElec   .          Harm     .   (no cloak)
rCorr   .          Rampage  .   p - +0 pair of gloves
Will    .....                   (no boots)
Stlth   ++........              (no amulet)
HPRegen 0.08/turn               (no ring)
MPRegen 0.12/turn               (no ring)

@: mighty, held
A: no striking features
a: no special abilities


You were on level 2 of the Dungeon.
You visited 1 branch of the dungeon, and saw 4 of its levels.

You collected 46 gold pieces.

Inventory:

Hand Weapons
 g - a +0 dagger
 k - a +0 spear of venom (weapon)
Missiles
 o - 4 poisoned darts
Armour
 a - a +0 robe (worn)
 p - a +0 pair of gloves (worn)
Jewellery
 n - an amulet of faith
Scrolls
 f - a scroll of vulnerability {unknown}
 j - a scroll of amnesia {unknown}
 l - 3 scrolls of enchant armour {unknown}
 m - a scroll of immolation {unknown}
Potions
 c - a potion of might
 d - a potion of heal wounds {unknown}
 e - a potion of degeneration {unknown}
 h - a potion of brilliance {unknown}
 i - a potion of haste {unknown}


   Skills:
 + Level 0.1 Polearms
 + Level 2.9 Dodging
 + Level 2.5 Stealth
 + Level 3.5 Spellcasting
 + Level 5.8 Conjurations


You had 9 spell levels left.
You knew the following spells:

 Your Spells              Type           Power      Damage    Failure   Level
a - Magic Dart            Conj           100%       1d8       1%          1

Your spell library contained the following spells:

 Spells                   Type           Power      Damage    Failure   Level
 Searing Ray              Conj           66%        2d6       1%          2
 Dazzling Flash           Conj/Hex       38%        N/A       9%          3
 Call Canine Familiar     Summ           4%         N/A       28%         3
 Portal Projectile        Hex/Tloc       8%         N/A       28%         3
 Fulminant Prism          Conj/Hex       9%         3d7       28%         4
 Iskenderun's Mystic Bla  Conj/Tloc      19%        2d6       28%         4
 Leda's Liquefaction      Hex/Erth       2%         N/A       67%         4


Dungeon Overview and Level Annotations

Branches:
Dungeon (4/15)
 Temple: D:4-7

Altars:


Message History

Casting: Magic Dart (safe; 1% risk of failure)
Confirm with . or Enter, or press ? or * to list all spells.
Aiming: Magic Dart (safe; 1% risk of failure)
Press: ? - help, Shift-Dir - straight line, f/p - gnoll
Aim: a gnoll, wielding a +0 flail (heavily wounded, 100% to hit)
The magic dart hits the gnoll but does no damage.
The gnoll is heavily wounded.
The gnoll hits you with a +0 flail.
Casting: Magic Dart (safe; 1% risk of failure)
Confirm with . or Enter, or press ? or * to list all spells.
Aiming: Magic Dart (safe; 1% risk of failure)
Press: ? - help, Shift-Dir - straight line, f/p - gnoll
Aim: a gnoll, wielding a +0 flail (heavily wounded, 100% to hit)
The magic dart hits the gnoll!
You kill the gnoll!
Casting: Magic Dart (safe; 1% risk of failure)
Confirm with . or Enter, or press ? or * to list all spells.
Aiming: Magic Dart (safe; 1% risk of failure)
Press: ? - help, Shift-Dir - straight line, f - gnoll
Aim: a gnoll, wielding a +0 flail (100% to hit)
The magic dart hits the gnoll.
The gnoll is moderately wounded.
The gnoll hits you with a +0 flail.
* * * LOW HITPOINT WARNING * * *
Casting: Magic Dart (safe; 1% risk of failure)
Confirm with . or Enter, or press ? or * to list all spells.
Aiming: Magic Dart (safe; 1% risk of failure)
Press: ? - help, Shift-Dir - straight line, f/p - gnoll
Aim: a gnoll, wielding a +0 flail (moderately wounded, 100% to hit)
The magic dart hits the gnoll.
The gnoll is heavily wounded.
The gnoll hits you with a +0 flail.
* * * LOW HITPOINT WARNING * * *
You struggle against the net.
The gnoll hits you but does no damage.
It was a potion of might.
You feel very mighty all of a sudden. The gnoll hits you with a +0 flail.
* * * LOW HITPOINT WARNING * * *
You struggle against the net.
The gnoll hits you with a +0 flail!
You die...

############# #### #...........##
...# ##### #...........#. ...#
#...# #...........#. ...# #...#
#...........#. ...#####
#...#######...........#. .......#
#...+..@g.'.).....[g.... .......#
#...#######......>..?... .......#
#.......................
.......###.......................
.......#...#...)................#
....)....###..........#######...
##......## #..........# ..
#....^..#..........†.# .
#####.#.#...†........#


You could see a gnoll.

Vanquished Creatures
  3 gnolls (D:2)
  2 adders (D:2)
  A dart slug (D:2)
  An orc (D:3)
  2 ball pythons
  3 endoplasms
  6 goblins
  3 jackals (D:1)
  2 quokkas
  4 bats
  A frilled lizard (D:1)
  4 kobolds
  3 rats
35 creatures vanquished.

Notes
Turn   | Place    | Note
-------+----------+-------------------------------------------
     0 | D:1      | javelincjr the Deep Elf Conjurer began the quest for the
                  | Orb.
     0 | D:1      | Reached XP level 1. HP: 10/10 MP: 6/6
    67 | D:2      | Reached XP level 2. HP: 13/15 MP: 2/8
   172 | D:2      | Reached skill level 5 in Conjurations
   209 | D:1      | Found a faded altar of an unknown god.
   528 | D:1      | Reached XP level 3. HP: 19/19 MP: 7/9
  1057 | D:2      | Reached XP level 4. HP: 22/24 MP: 1/10
  1070 | D:2      | HP: 1/24 [gnoll/+0 flail (1)]
  1071 | D:2      | Mangled by a gnoll

Illustrated notes

Levels and vault maps discovered:
D:1:      shiori_arrival_maze, layout_rooms, ebering_ecumenical_altar_webs
D:2:      layout_basic, basic_altar
D:3:      kennysheep_goblin_castle, layout_loops_ring,
          nicolae_wu_jian_glorious_leap
D:4:      layout_rooms, minmay_misc_feat_x

Skill      XL: |  1  2 |
---------------+-------+-----
Conjurations   | 5 |  5.8
Polearms       | |  0.1
Dodging        | |  2.9
Stealth        | |  2.5
Spellcasting   | |  3.5

Action                   |  1- 3 |  4- 6 || total
-------------------------+-------+-------++-------
Melee: Spear             |     9 |       ||     9
       Dagger            |     1 |       ||     1
 Cast: Magic Dart        |    70 |    11 ||    81
  Use: Potion            |       |     2 ||     2
Armor: Robe              |     1 |     1 ||     2
Dodge: Dodged            |     9 |       ||     9
